 Dungeon Crawl Stone Soup version 0.29.0-11-gd7f09526c8 (webtiles) character file.

Game seed: 9713855961235856846

1247 mortz the Cleaver (level 8, 0/68 HPs)
             Began as a Hill Orc Fighter on Sept 4, 2022.
             Was a Believer of Beogh.
             Succumbed to a hornet's poison
             ... on level 7 of the Dungeon.
             The game lasted 00:27:41 (6063 turns).

mortz the Cleaver (Hill Orc Fighter)                Turns: 6063, Time: 00:27:41

Health: 0/68       AC: 16    Str: 21    XL:     8   Next: 50%
Magic:  9/9        EV:  6    Int:  8    God:    Beogh [**....]
Gold:   99         SH:  0    Dex: 10    Spells: 7/7 levels left

rFire   . . .      SeeInvis +   O - +2 battleaxe (elec) {axe}
rCold   . . .      Faith    .   (shield currently unavailable)
rNeg    . . .      Spirit   .   y - +0 plate armour
rPois   .          Reflect  .   o - +1 helmet
rElec   .          Harm     .   (no cloak)
rCorr   .          Rampage  .   B - +1 pair of gloves
Will    .....                   (no boots)
Stlth   ..........              (no amulet)
HPRegen 0.21/turn               F - ring of see invisible
MPRegen 0.11/turn               m - +4 ring of slaying

@: lethally poisoned (0 -> -14), slowed, very slow
A: no striking features
a: Renounce Religion, Smiting


You were on level 7 of the Dungeon.
You worshipped Beogh.
Beogh was pleased with you.
You visited 1 branch of the dungeon, and saw 7 of its levels.
You also visited: Sewer.

You collected 437 gold pieces.
You spent 338 gold pieces at shops.


   Skills:
 + Level 5.0 Fighting
 + Level 10.5 Axes
 + Level 1.6 Throwing
 + Level 5.4 Armour
 + Level 0.4 Dodging
 + Level 0.6 Stealth
 + Level 3.8 Shields
 * Level 2.2 Invocations


You had 7 spell levels left.
You didn't know any spells.
Your spell library contained the following spells:

 Spells                   Type           Power      Damage    Failure   Level
 Apportation              Tloc           0%         N/A       100%        1
 Slow                     Hex            0%         N/A       100%        1
 Summon Small Mammal      Summ           0%         N/A       100%        1
 Scorch                   Fire           0%         2d5       100%        2
 Call Canine Familiar     Summ           0%         N/A       100%        3
 Confusing Touch          Hex            0%         N/A       100%        3
 Portal Projectile        Hex/Tloc       0%         N/A       100%        3
 Summon Guardian Golem    Hex/Summ       0%         N/A       100%        3
 Tukima's Dance           Hex            0%         N/A       100%        3
 Vampiric Draining        Necr           0%         2d6       100%        3
 Flame Wave               Conj/Fire      0%         2d4       100%        4
 Leda's Liquefaction      Hex/Erth       0%         N/A       100%        4
 Passage of Golubria      Tloc           0%         N/A       100%        4
 Alistair's Intoxication  Tmut/Pois      0%         N/A       100%        5
 Yara's Violent Unravell  Hex/Tmut       0%         3d3       100%        5
 Summon Cactus Giant      Summ           0%         N/A       100%        6
 Orb of Destruction       Conj           0%         9d5       100%        7
 Spellforged Servitor     Conj/Summ      0%         N/A       100%        7

Inventory:

Hand Weapons
 a - a +0 war axe of protection {axe}
 e - a +0 dagger of electrocution {short}
   (You took it off a goblin on level 1 of the Dungeon)
 r - the +9 sling "Hadodet" {flame, rN+}
   (You took it off an orc on level 3 of the Dungeon)

   Any ammunition fired from it burns those it strikes, dealing additional fire
   damage.
   rN:        It protects you from negative energy.
 E - a +2 short sword of speed {short}
   (You took it off an orc on level 4 of the Dungeon)
 O - a +2 battleaxe of electrocution (weapon) {axe}
   (You bought it in a shop on level 5 of the Dungeon)
Missiles
 b - 7 boomerangs {throwing}
 A - 11 poisoned darts (quivered) {throwing}
 I - 4 javelins {throwing}
Armour
 c - a +0 buckler
 o - a +1 helmet (worn)
   (You found it on level 3 of the Dungeon)
 y - a +0 plate armour (worn)
   (You found it on level 4 of the Dungeon)
 B - a +1 pair of gloves (worn)
   (You found it on level 3 of the Dungeon)
 M - a +2 kite shield
   (You found it on level 5 of the Dungeon)
Jewellery
 g - a ring of ice
   (You found it on level 2 of the Dungeon)
 h - a ring of positive energy
   (You found it on level 1 of the Dungeon)
 m - a +4 ring of slaying (right hand)
   (You found it on level 2 of the Dungeon)
 F - a ring of see invisible (left hand)
   (You found it on level 4 of the Dungeon)
 H - a ring of protection from cold
   (You found it on level 4 of the Dungeon)
Wands
 x - a wand of roots (27)
   (You found it on level 3 of the Dungeon)
 K - a wand of flame (2)
   (You found it in a sewer)
Scrolls
 v - a scroll of poison {!r}
 C - a scroll of fog
 G - 4 scrolls of teleportation {@r4}
Potions
 d - a potion of might
 f - a potion of attraction {!q}
 i - a potion of mutation {!q}
 l - a potion of haste {unknown}
 n - 2 potions of brilliance
 p - 4 potions of heal wounds {@q2}
 t - a potion of invisibility {unknown}
 u - 2 potions of ambrosia
 w - 2 potions of lignification {unknown}
 z - 4 potions of curing {unknown}
 D - a potion of degeneration {unknown}
 J - a potion of berserk rage {!q}
 N - a potion of flight {unknown}

Dungeon Overview and Level Annotations

Branches:
Dungeon (7/15) Zot: 26840  Temple (0/1) D:6           Sewer (visited)

Altars:
Dithmenos
Makhleb
Ru
Vehumet
Wu Jian

Shops:
D:2 *   D:4 * D:5

( #.### #.# #..
#.# #.#
#.##############.#
#.............##.#
#############.##.#
#.##S# #.##y#
#.##@#######
##.##........
#....########
####.# #.# #..
####


You could see a hornet and a water moccasin.


Message History

You drop a +0 leather armour.
There is a stone staircase leading down here.
Done exploring.
You climb downwards.
There is a stone staircase leading up here.
You climb upwards.
There is a stone staircase leading down here.
You see here a +0 quarterstaff {staff}.
You see here a +0 falchion {long}.
There is a stone staircase leading down here.
You climb downwards.
There is a stone staircase leading up here.
You climb upwards.
There is a stone staircase leading down here.
There is a stone staircase leading up here.
There is a stone staircase leading down here.
You climb downwards.
There is a stone staircase leading up here.
Found an escape hatch in the ceiling.
You see here 4 stones {throwing}.
A white imp comes into view.
The white imp shouts!
You hear an angry buzzing noise.
A hornet comes into view.
The hornet buzzes angrily.
You hear an angry hiss.
A water moccasin comes into view.
The white imp hits you. The white imp freezes you. 😕 HP[-5]
You take 5 damage, and now have 63/68 hp.
You slice the white imp!!
You kill the white imp!
Beogh accepts your kill. 😕 HP[+1]
You closely miss the hornet.
The hornet stings you but does no damage.
You hit the hornet but do no damage. The hornet stings you.
You are poisoned.
You feel yourself slow down.
The hornet stings you but does no damage. 😕 HP[-5]
You take 5 damage, and now have 59/68 hp.
You barely miss the hornet.
You feel very sick. The hornet stings you.
You are more poisoned.
You feel as though you will be slow longer.
The hornet barely misses you. The hornet stings you.
You are more poisoned.
You feel as though you will be slow longer. 😮 HP[-13]
You take 13 damage, and now have 46/68 hp.
Aiming: Throw Flame
Press: ? - help, Q - select action, (/) - cycle Shift-Dir - straight line, f - hornet
Aim: a hornet (52% to hit)
The puff of flame hits the hornet.
You feel extremely sick. The hornet completely misses you.
The hornet stings you but does no damage. 😮 HP[-11]
You take 11 damage, and now have 35/68 hp.
Aiming: Throw Flame
Press: ? - help, Q - select action, (/) - cycle Shift-Dir - straight line, f/p - hornet
Aim: a hornet (lightly wounded, 52% to hit)
The puff of flame hits the hornet but does no damage.
You feel extremely sick.
The hornet stings you but does no damage.
The hornet closely misses you. 😨 HP[-7]
You take 7 damage, and now have 28/68 hp.
Aiming: Throw Flame
Press: ? - help, Q - select action, (/) - cycle Shift-Dir - straight line, f/p - hornet
Aim: a hornet (lightly wounded, 52% to hit)
The puff of flame hits the hornet.
You feel very sick.
The hornet stings you but does no damage.
The hornet barely misses you.
The hornet stings you but does no damage. 😨 HP[-5]
You take 5 damage, and now have 23/68 hp.
Aiming: Throw Flame
Press: ? - help, Q - select action, (/) - cycle Shift-Dir - straight line, f/p - hornet
Aim: a hornet (moderately wounded, 52% to hit)
The puff of flame hits the hornet!
You feel very sick. The hornet stings you.
* * * LOW HITPOINT WARNING * * *
You feel as though you will be slow longer.
The hornet stings you.
* * * LOW HITPOINT WARNING * * *
You are lethally poisoned!
You feel as though you will be slow longer. 😱 HP[-10]
You take 10 damage, and now have 13/68 hp.
You barely miss the hornet.
* * * LOW HITPOINT WARNING * * *
You feel extremely sick.
The hornet stings you but does no damage. x2 😱 HP[-8]
You take 8 damage, and now have 5/68 hp.
You slice the hornet!!
You die...

Skill      XL: |  1  2  3  4  5  6  7  8 |
---------------+-------------------------+-----
Axes           | 3 4 6 7 9 10 | 10.5
Fighting       | 4 5 |  5.0
Armour         | 4 5 |  5.4
Throwing       | 1 |  1.6
Invocations    | 2 |  2.2
Dodging        | |  0.4
Stealth        | |  0.6
Shields        | |  3.8

Action                   |  1- 3 |  4- 6 |  7- 9 || total
-------------------------+-------+-------+-------++-------
Melee: War axe           |   109 |    87 |    25 ||   221
       Battleaxe         |       |       |    60 ||    60
Throw: Boomerang         |       |     7 |       ||     7
       Dart              |       |     9 |     7 ||    16
Invok: Convert to Beogh  |     1 |       |       ||     1
Evoke: Wand              |       |       |     4 ||     4
  Use: Scroll            |     6 |     4 |     4 ||    14
Armor: Scale mail        |    45 |       |       ||    45
       Chain mail        |     1 |    30 |       ||    31
       Plate armour      |       |    30 |    69 ||    99
Dodge: Dodged            |    44 |    25 |    33 ||   102
Block: Buckler           |    18 |    18 |     2 ||    38

Levels and vault maps discovered:
D:1:      minmay_arrival_four_houses, layout_basic
D:2:      layout_basic, hellmonk_ecumenical_altar_lost_god, serial_shops,
          nicolae_shop_crystal, nicolae_figureground_sparkle
D:3:      layout_loops_ring, nzn_wu_jian_contemplation, grunt_dithmenos_smoke
D:4:      layout_basic, nicolae_ru_the_path_less_chosen,
          mainiacjoe_overflow_concentric_impassable, serial_shops,
          nicolae_shop_waterfront
D:5:      layout_gridville, lemuel_crystal_altar, portal_sewer_entry_b,
          serial_shops, kennysheep_mini, uniq_eustachio
D:6:      layout_basic, minmay_temple_entry_glass
D:7:      layout_basic, chequers_garden

Notes
Turn   | Place    | Note
-------+----------+-------------------------------------------
     0 | D:1      | mortz the Hill Orc Fighter began the quest for the Orb.
     0 | D:1      | Reached XP level 1. HP: 19/19 MP: 1/1
     0 | D:1      | magus.rc [v1.9.6]
    87 | D:1      | Reached XP level 2. HP: 21/27 MP: 2/2
    90 | D:1      | Reached skill level 3 in Axes
   171 | D:1      | Reached skill level 4 in Fighting
   284 | D:1      | You pick up a book of Callings and begin reading...
   284 | D:1      | You add the spells Summon Small Mammal, Call Canine
                  | Familiar and Summon Guardian Golem to your library.
   517 | D:1      | Reached XP level 3. HP: 31/33 MP: 3/3
  1455 | D:2      | Found Peteschou's General Store.
  1475 | D:2      | Found a faded altar of an unknown god.
  2251 | D:3      | Became a worshipper of Beogh the Brigand
  2270 | D:3      | Reached skill level 4 in Axes
  2270 | D:3      | Reached XP level 4. HP: 38/41 MP: 4/4
  2423 | D:3      | Reached skill level 4 in Armour
  2423 | D:3      | Reached XP level 5. HP: 36/47 MP: 5/5
  2579 | D:3      | Identified the +9 sling "Hadodet" {flame, rN+}
  2588 | D:3      | Reached skill level 5 in Axes
  2724 | D:3      | Found a shadowy altar of Dithmenos.
  2771 | D:3      | Reached * piety under Beogh
  2987 | D:3      | You pick up a book of the Hunter and begin reading...
  2987 | D:3      | You add the spells Portal Projectile and Leda's
                  | Liquefaction to your library.
  3006 | D:3      | Found an ornate altar of the Wu Jian Council.
  3206 | D:4      | Found a burning altar of Makhleb.
  3298 | D:4      | Reached skill level 6 in Axes
  3374 | D:4      | Reached XP level 6. HP: 53/53 MP: 6/6
  3382 | D:4      | Found Bunumalo's Assorted Antiques.
  3404 | D:4      | You add the spells Tukima's Dance, Passage of Golubria and
                  | Yara's Violent Unravelling to your library.
  3438 | D:4      | You pick up a book of Scorching and begin reading...
  3438 | D:4      | You add the spells Scorch, Flame Wave and Summon Cactus
                  | Giant to your library.
  3796 | D:4      | Found a sacrificial altar of Ru.
  4037 | D:5      | Entered Level 5 of the Dungeon
  4055 | D:5      | Found Ekian's Weapon Emporium.
  4066 | D:5      | Reached skill level 7 in Axes
  4073 | D:5      | Noticed Eustachio
  4092 | D:5      | Killed Eustachio
  4093 | D:5      | Reached XP level 7. HP: 57/60 MP: 7/7
  4148 | D:5      | Reached skill level 8 in Axes
  4148 | D:5      | Reached skill level 1 in Throwing
  4230 | D:5      | Found a glowing drain.
  4240 | Sewer    | Entered a sewer
  4427 | D:5      | Bought a +2 battleaxe of electrocution for 338 gold pieces
  4548 | D:5      | Found a radiant altar of Vehumet.
  4563 | D:5      | You pick up a book of the Hunter and begin reading...
  4590 | D:5      | You pick up a book of Debilitation and begin reading...
  4590 | D:5      | You add the spells Slow, Vampiric Draining and Confusing
                  | Touch to your library.
  4598 | D:5      | You pick up a book of Dangerous Friends and begin
                  | reading...
  4598 | D:5      | You add the spells Orb of Destruction and Spellforged
                  | Servitor to your library.
  4612 | D:5      | Reached skill level 9 in Axes
  4810 | D:5      | Reached ** piety under Beogh
  4811 | D:5      | Reached XP level 8. HP: 67/67 MP: 8/8
  4851 | D:5      | Reached skill level 5 in Armour
  4904 | D:5      | Reached skill level 1 in Invocations
  5391 | D:6      | Found a staircase to the Ecumenical Temple.
  5404 | D:6      | You pick up a book of Party Tricks and begin reading...
  5404 | D:6      | You add the spells Apportation and Alistair's Intoxication
                  | to your library.
  5424 | D:6      | Reached skill level 10 in Axes
  5776 | D:6      | Reached skill level 5 in Fighting
  5776 | D:6      | Reached skill level 2 in Invocations
  6052 | D:7      | Noticed a hornet
  6061 | D:7      | HP: 13/68 [hornet (6)]
  6062 | D:7      | HP: 5/68 [poisoned by a hornet]
  6063 | D:7      | Succumbed to a hornet's poison

Vanquished Creatures
  Eustachio (D:5)
  A water moccasin (Sewer)
  An ice beast (D:6)
  A bullfrog (D:4)
  A necrophage (D:6)
  A scorpion (D:5)
  2 howler monkeys
  An orc priest (D:5)
  6 hounds
  4 jellies
  3 iguanas
  3 orc wizards
  5 adders
  A shadow imp (D:6)
  2 white imps
  A dart slug (D:1)
  21 orcs
  8 endoplasms
  5 giant cockroaches
  9 hobgoblins
  4 jackals (D:1)
  4 quokkas
  4 ball pythons
  11 bats
  A frilled lizard (D:1)
  9 goblins
  5 kobolds
  7 rats
122 creatures vanquished.

Vanquished Creatures (others)
  A dart slug (D:3)
  2 orcs (D:3)
3 creatures vanquished.

Grand Total: 125 creatures vanquished

Table legend:
 A = Non-vault XP
 B = Vault XP
 C = Vault XP percentage of total XP
 D = Non-vault monster count
 E = Vault monster count
 F = Vault count percentage of total count
                 A         B        C        D         E       F
            +---------+---------+-------+---------+---------+-------
      Total |    1411 |     371 |  20.8 |     109 |      13 |  10.7
            +---------+---------+-------+---------+---------+-------
        D:1 |      56 |       0 |   0.0 |      34 |       0 |   0.0
        D:2 |      11 |       0 |   0.0 |       6 |       0 |   0.0
        D:3 |     155 |       0 |   0.0 |      25 |       0 |   0.0
        D:4 |     261 |       0 |   0.0 |      11 |       0 |   0.0
        D:5 |     523 |     217 |  29.3 |      15 |       6 |  28.6
        D:6 |     395 |       0 |   0.0 |      17 |       0 |   0.0
        D:7 |      10 |       0 |   0.0 |       1 |       0 |   0.0
      Sewer |       0 |     154 | 100.0 |       0 |       7 | 100.0
            +---------+---------+-------+---------+---------+-------

Illustrated notes

Table legend:
 A = Kills in this place as a percentage of kills in entire the game.
 B = Kills by you in this place as a percentage of kills by you in the entire game.
 C = Kills by friends in this place as a percentage of kills by friends in the entire game.
 D = Other kills in this place as a percentage of other kills in the entire game.
 E = Experience gained in this place as a percentage of experience gained in the entire game.
 F = Experience gained in this place divided by the number of levels of this place that you have seen.
                   A       B       C       D       E      F
               +-------+-------+-------+-------+-------+----------------------
         Total | 100.0 | 100.0 |   N/A |   N/A | 100.0 | 222.8
       Dungeon |  94.3 |  94.3 |   N/A |   N/A |  91.4 | 232.6
         Sewer |   5.7 |   5.7 |   N/A |   N/A |   8.6 | 154.0
               +-------+-------+-------+-------+-------+----------------------

Table legend: (Time is in decaauts)
 A = Elapsed time spent in this place.
 B = Non-inter-level travel time spent in this place.
 C = Inter-level travel time spent in this place.
 D = Time resting spent in this place.
 E = Time spent auto-exploring this place.
 F = Levels seen in this place.
 G = Mean time per level.
                   A        B        C        D        E       F      G
               +--------+--------+--------+--------+--------+-----+--------+
         Total |   6152 |   5694 |    458 |      4 |   4530 |   8 |  769.0 |
       Dungeon |   6045 |   5587 |    458 |      4 |   4475 |   7 |  863.6 |
         Sewer |    106 |    106 |      0 |      0 |     55 |   1 |  106.0 |
               +--------+--------+--------+--------+--------+-----+--------+

Top non-repeatable levels by time:
     D:1: 1408 daAuts
     D:5: 975 daAuts
     D:3: 936 daAuts
     D:4: 909 daAuts
     D:6: 896 daAuts
     D:2: 847 daAuts
   Sewer: 106 daAuts
     D:7: 72 daAuts
